 Dungeon Crawl Stone Soup version 0.32-a0-772-g33df2375a9 (webtiles) character file.

Game seed: 11937905004215800496

2499 Ajdolov the Skirmisher (level 9, -5/61 HPs)
             Began as a Human Hunter on Mar 19, 2024.
             Was a Priest of Hepliaklqana.
             Slain by a wyvern (14 damage)
             ... on level 8 of the Dungeon.
             The game lasted 00:13:05 (6465 turns).

Ajdolov the Skirmisher (Human Hunter)               Turns: 6465, Time: 00:13:06

Health: -5/61      AC:  6    Str: 14    XL:     9   Next: 53%
Magic:  12/12      EV: 16    Int: 10    God:    Hepliaklqana [***...]
Gold:   191        SH:  0    Dex: 21    Spells: 8/8 levels left

rFire   + . .        a - +0 shortbow
rCold   + + .        (shield currently unavailable)
rNeg    + . .        y - +1 leather armour {rC+}
rPois   .            (no helmet)
rElec   .            s - +0 cloak {rF+}
rCorr   .            g - +0 pair of gloves
SInv    .            (no boots)
Will    .....        (no amulet)
Stlth   +++          E - ring of positive energy
HPRegen 0.30/turn    A - ring of the Present {rC+ Str+3 Stlth+}
MPRegen 0.13/turn

%: no passive effects
@: studying Dodging
A: reduced essence, explore regen
a: Renounce Religion, Recall Ancestor, Ancestor Identity, Transference


You were on level 8 of the Dungeon.
You worshipped Hepliaklqana.
Hepliaklqana was most pleased with you.
You visited 2 branches of the dungeon, and saw 9 of its levels.

You collected 429 gold pieces.
You spent 238 gold pieces at shops.

Inventory:

Hand Weapons
 a - a +0 shortbow (weapon)
 b - a +7 club
Missiles
 D - a throwing net
Armour
 g - a +0 pair of gloves (worn)
 s - a +0 cloak of fire resistance (worn)
 y - a +1 leather armour of cold resistance (worn)
Jewellery
 u - a ring of protection from cold
 A - the ring of the Present (right hand) {rC+ Str+3 Stlth+}
   (You found it on level 6 of the Dungeon)

   [ring of protection from cold]

   Str+3:     It affects your strength (+3).
   rC+:       It protects you from cold.
   Stlth+:    It makes you more stealthy.
 E - a ring of positive energy (left hand)
Wands
 r - a wand of light (2)
 t - a wand of flame (12)
Scrolls
 c - a scroll of brand weapon {unknown}
 d - a scroll of blinking {unknown}
 h - 11 scrolls of identify {unknown}
 i - 3 scrolls of vulnerability {unknown}
 j - 3 scrolls of immolation {unknown}
 k - 2 scrolls of enchant armour {unknown}
 l - 2 scrolls of amnesia {unknown}
 n - a scroll of butterflies
 q - 3 scrolls of teleportation {unknown}
 v - a scroll of fog {unknown}
 w - a scroll of noise {unknown}
 B - a scroll of fear {unknown}
Potions
 e - 3 potions of attraction {unknown}
 f - 3 potions of heal wounds {unknown}
 m - 2 potions of degeneration {unknown}
 o - a potion of resistance {unknown}
 p - 2 potions of curing {unknown}
 x - a potion of cancellation {unknown}
 z - a potion of might {unknown}
 C - a potion of haste {unknown}


   Skills:
 - Level 5.0 Fighting
 - Level 10.0 Ranged Weapons
 + Level 8.3 Dodging
 - Level 1.0 Stealth
 - Level 5.0 Invocations


You had 8 spell levels left.
You didn't know any spells.
Your spell library contained the following spells:

 Spells                   Type           Power      Damage    Failure   Level
 Kiss of Death            Conj/Necr      0%         2d5       43%         1
 Blink                    Tloc           0%         N/A       58%         2
 Lesser Beckoning         Tloc           0%         N/A       58%         2
 Mercury Vapours          Alch/Air       0%         N/A       58%         2
 Momentum Strike          Conj/Tloc      0%         3d8       58%         2
 Confusing Touch          Hex            0%         N/A       82%         3
 Hailstorm                Conj/Ice       0%         3d5       82%         3
 Mephitic Cloud           Conj/Alch/Air  0%         N/A       82%         3
 Summon Ice Beast         Ice/Summ       0%         N/A       82%         3
 Dispel Undead            Necr           0%         3d6       99%         4
 Freezing Cloud           Conj/Ice/Air   0%         6-21      100%        5
 Permafrost Eruption      Ice/Erth       0%         2x4d2     100%        6
 Sculpt Simulacrum        Ice/Alch       0%         N/A       100%        6


Dungeon Overview and Level Annotations

Branches:
Dungeon (8/15)             Temple (1/1) D:4
   Lair: D:8-11

Altars:
Ashenzari
Cheibriados
Dithmenos
Elyvilon
Fedhas
Gozag
Hepliaklqana
Kikubaaqudgha
Makhleb
Nemelex Xobeh
Okawaru
Qazlal
Ru
Sif Muna
Trog
Uskayaw
Vehumet
Wu Jian
Xom
Yredelemnul
Zin
The Shining One

Shops:
D:4 *:   D:7 :

Annotations:
D:3 1 runed translucent door, Crazy Yiuf
D:7 Duvessa, Jeremiah, Maggie, Maurice


Innate Abilities, Weirdness & Mutations

Your life essence is reduced to manifest your ancestor. (-10% HP)
You regain HP and MP as you explore.


Message History

Sosch blocks the bullfrog's attack.
Sosch hits the bullfrog with a +0 flail!
The howler monkey barely misses Sosch.
The howler monkey barely misses Sosch.
Sosch hits the bullfrog with a +0 flail.
The bullfrog closely misses Sosch.
Something hits Sosch.
You see here a +0 chain mail.
The wyvern attacks as it pursues you! The wyvern misses you.
The wyvern attacks as it pursues you! The wyvern bites you!
Aiming: Bolt of Light
Press: ? - help, Shift-Dir - straight line, f/p - wyvern
Aim: a wyvern (71% to hit)
The bolt of light hits the wyvern!
The wyvern is heavily wounded.
The wyvern is blinded.
The wyvern bites you but does no damage.
The wyvern closely misses you.
You see here a +0 whip.
Aiming: Bolt of Light
Press: ? - help, Shift-Dir - straight line, f/p - wyvern
Aim: a wyvern (heavily wounded, wandering, blind, unable to see you, hasn't noticed you, 71% to hit)
The bolt of light misses the wyvern.
The wyvern closely misses you.
The wyvern bites you but does no damage.
Unknown command.
Aiming: Bolt of Light
Press: ? - help, Shift-Dir - straight line, f/p - wyvern
Aim: a wyvern (heavily wounded, blind, unable to see you, 71% to hit)
The bolt of light hits the wyvern!
The wyvern is almost dead.
The wyvern bites you!
* * * LOW HITPOINT WARNING * * *
Fire: a) +0 shortbow
Press: ? - help, Q - select action, (/) - cycle Shift-Dir - straight line, f/p - wyvern
Aim: a wyvern (almost dead, blind, unable to see you, ally target, 69% to hit)
You shoot an arrow.
The arrow hits the wyvern but does no damage.
The wyvern is almost dead.
The wyvern bites you!
You die...
Hepliaklqana delivers you to your ancestors.

#.###.......~
###............
#.#.##.........
#.####........#
#.............#
#.##....#+#....
#.##...........
#.##........#....#
#.##..@.....#....# ....
#.####k.....#....#.....
#.##........#....#.....
#.##...................
#.#.....[....#.........
#.#.......z..#.....#...
#.#.........##.....#...
###.##.......R##..k)z....
#.................FR....ยง


You could see the friendly Sosch the knight, a wyvern (blind, unable to see you,
ally target) and a wight.

Vanquished Creatures
  A water moccasin (D:8)
  2 ice beasts
  An ogre (D:5)
  2 phantoms (D:5)
  2 scorpions (D:5)
  A howler monkey (D:8)
  2 bombardier beetles
  6 hounds
  2 jellies
  Jessica (D:3)
  3 orc wizards
  3 iguanas
  4 gnolls (D:6)
  5 adders
  3 shadow imps
  3 white imps
  3 ufetubi
  A ribbon worm (D:3)
  A dart slug (D:2)
  18 orcs
  5 ball pythons
  9 endoplasms
  4 giant cockroaches
  5 goblins
  7 hobgoblins
  2 jackals (D:1)
  3 quokkas
  12 bats
  3 frilled lizards
  2 kobolds
  5 rats
121 creatures vanquished.

Vanquished Creatures (collateral kills)
  A steam dragon (D:7)
  An acid dragon (D:8)
  An orc warrior (D:8)
  An ice beast (D:6)
  A sky beast (D:7)
  A phantom (D:6)
  A bullfrog (D:7)
  A scorpion (D:5)
  2 wights (D:8)
  A howler monkey (D:5)
  A jelly (D:6)
  2 orc priests (D:7)
  An iguana (D:7)
  4 orc wizards
  An ufetubus (D:6)
  7 orcs
27 creatures vanquished.

Vanquished Creatures (others)
  A knight (D:7)
1 creature vanquished.

Grand Total: 149 creatures vanquished

Notes
Turn   | Place    | Note
-------+----------+-------------------------------------------
     0 | D:1      | Ajdolov the Human Hunter began the quest for the Orb.
     0 | D:1      | Reached XP level 1. HP: 16/16 MP: 1/1
   102 | D:1      | Reached XP level 2. HP: 23/23 MP: 2/2
   461 | D:1      | Found a faded altar of an unknown god.
   666 | D:2      | Reached XP level 3. HP: 29/29 MP: 3/3
  1081 | D:2      | Reached XP level 4. HP: 32/37 MP: 4/4
  1335 | D:3      | Noticed Jessica
  1341 | D:3      | Killed Jessica
  1518 | D:3      | Reached skill level 5 in Fighting
  1518 | D:3      | Reached XP level 5. HP: 44/44 MP: 5/5
  1899 | D:3      | Found a runed translucent door.
  1900 | D:3      | Noticed Crazy Yiuf
  2149 | D:4      | Reached skill level 5 in Ranged Weapons
  2201 | D:4      | Found Foraf's Book Emporium.
  2226 | D:4      | Found a staircase to the Ecumenical Temple.
  2244 | Temple   | Entered the Ecumenical Temple
  2257 | Temple   | Became a worshipper of Hepliaklqana the Forgotten
  2330 | D:4      | Reached XP level 6. HP: 49/51 MP: 6/6
  2799 | D:4      | Found Boiwoad's Fire Supplies.
  2807 | D:4      | Bought a +0 cloak of fire resistance for 138 gold pieces
  2807 | D:4      | Bought a wand of flame (12) for 100 gold pieces
  3077 | D:5      | Entered Level 5 of the Dungeon
  3130 | D:5      | Reached skill level 6 in Ranged Weapons
  3249 | D:5      | Reached XP level 7. HP: 56/56 MP: 7/7
  3334 | D:5      | Reached skill level 7 in Ranged Weapons
  3404 | D:5      | Reached * piety under Hepliaklqana
  3740 | D:5      | Reached skill level 8 in Ranged Weapons
  3817 | D:5      | Reached XP level 8. HP: 47/55 MP: 8/8
  4354 | D:6      | Reached skill level 9 in Ranged Weapons
  4541 | D:6      | Identified the ring of the Present {rC+ Str+3 Stlth+}
  4650 | D:6      | Found a shimmering altar of Xom.
  4869 | D:6      | Reached ** piety under Hepliaklqana
  4870 | D:6      | Remembered your ancestor Sosch as a knight
  5041 | D:6      | Reached skill level 10 in Ranged Weapons
  5105 | D:6      | Reached skill level 1 in Invocations
  5480 | D:7      | Found Ihemath's Book Boutique.
  5575 | D:7      | Noticed Jeremiah
  5899 | D:7      | Reached XP level 9. HP: 61/61 MP: 12/12
  5908 | D:7      | Noticed Maurice
  5931 | D:7      | Reached skill level 5 in Invocations
  6047 | D:7      | Reached *** piety under Hepliaklqana
  6103 | D:7      | Reached skill level 5 in Dodging
  6126 | D:7      | Noticed Maggie
  6173 | D:7      | Noticed Duvessa
  6465 | D:8      | Slain by a wyvern

Illustrated notes

Levels and vault maps discovered:
D:1:      lightli_arrival_quake, layout_loops_ring, ebering_ecumenical_altar_box
D:2:      layout_loops_cross
D:3:      layout_loops_ring, uniq_jessica, uniq_crazy_yiuf_cottage
D:4:      layout_rooms, minmay_temple_entry_trees, serial_shops, shop,
          roderic_lattice_a, nicolae_shop_fire_sale [nicolae_sub_dead_trees]
D:5:      layout_basic, serial_bayou, serial_bayou_pond_e,
          serial_bayou_crossing, serial_bayou_lagoon_b, serial_bayou_shore_b,
          serial_bayou_pond_e
D:6:      layout_loops_corners, regret_index_xom_buried_treasure
D:7:      layout_basic, serial_shops, nicolae_book_shop_shelving,
          nicolae_benzene_ring, minivault_19, uniq_duvessa, uniq_maurice,
          uniq_maggie, uniq_jeremiah
D:8:      layout_basic, erik_lair_dragon, uniq_pikel
Temple:   compressed_dpeg_triangle_lava_temple

Skill      XL: |  1  2  3  4  5  6  7  8  9 |
---------------+----------------------------+-----
Fighting       | 3 4 5 |  5.0
Ranged Weapons | 5 6 8 10 | 10.0
Invocations    | 4 5 |  5.0
Dodging        | 8 |  8.3
Stealth        | |  1.0

Action                     |  1- 3 |  4- 6 |  7- 9 || total
---------------------------+-------+-------+-------++-------
  Melee: Club              |       |    26 |    17 ||    43
   Fire: Shortbow          |    77 |   133 |   268 ||   478
 Invoke: Recall Ancestor   |       |       |     2 ||     2
         Ancestor Life: Kn |       |       |     1 ||     1
         Transference      |       |       |     1 ||     1
  Evoke: Wand              |       |       |     3 ||     3
 Armour: Leather armour    |    22 |    32 |    31 ||    85
  Dodge: Dodged            |    10 |    49 |    24 ||    83

Table legend: (Time is in decaauts)
 A = Elapsed time spent in this place.
 B = Non-inter-level travel time spent in this place.
 C = Inter-level travel time spent in this place.
 D = Time resting spent in this place.
 E = Time spent auto-exploring this place.
 F = Levels seen in this place.
 G = Mean time per level.
                   A        B        C        D        E       F      G
               +--------+--------+--------+--------+--------+-----+--------+
         Total |   6537 |   6259 |    278 |    335 |   4775 |   9 |  726.3 |
       Dungeon |   6510 |   6244 |    266 |    335 |   4775 |   8 |  813.8 |
        Temple |     26 |     14 |     12 |      0 |      0 |   1 |   26.0 |
               +--------+--------+--------+--------+--------+-----+--------+

Top non-repeatable levels by time:
     D:5: 1262 daAuts
     D:6: 1201 daAuts
     D:4: 925 daAuts
     D:3: 829 daAuts
     D:7: 715 daAuts
     D:2: 685 daAuts
     D:1: 651 daAuts
     D:8: 238 daAuts
  Temple: 26 daAuts
